 Dungeon Crawl Stone Soup version 0.31-a0-858-g469dc525a8 (webtiles) character file.

Game seed: 17541107297406840018

171 BritishOli the Trooper (level 5, -7/44 HPs)
             Began as a Demonspawn Fighter on Oct 9, 2023.
             Was a Follower of Okawaru.
             Mangled by Prince Ribbit (12 damage)
             ... on level 7 of the Dungeon.
             The game lasted 00:02:45 (2721 turns).

BritishOli the Trooper (Demonspawn Fighter)         Turns: 2721, Time: 00:02:46

Health: -7/44      AC: 11    Str: 18    XL:     5   Next: 26%
Magic:  5/5        EV:  5    Int:  9    God:    Okawaru [*.....]
Gold:   111        SH:  4    Dex: 13    Spells: 4/4 levels left

rFire   . . .        a - +0 war axe
rCold   . . .        c - +0 buckler
rNeg    . . .        i - +0 plate armour
rPois   .            (no helmet)
rElec   .            (no cloak)
rCorr   .            (no gloves)
SInv    .            (no boots)
Will    .....        (no amulet) Stlth
                     (no ring)
HPRegen 0.27/turn    (no ring)
MPRegen 0.09/turn

%: no passive effects
@: no status effects
A: claws 1, ignite blood 2
a: Renounce Religion, Heroism


You were on level 7 of the Dungeon.
You worshipped Okawaru.
Okawaru was aware of your devotion.
You visited 1 branch of the dungeon, and saw 5 of its levels.

You collected 153 gold pieces.
You spent 42 gold pieces at shops.

Inventory:

Hand Weapons
 a - a +0 war axe (weapon)
Missiles
 g - a throwing net
Armour
 b - a +0 scale mail
 c - a +0 buckler (worn)
 i - a +0 plate armour (worn)
Scrolls
 e - 2 scrolls of fog {unknown}
 f - a scroll of noise {unknown}
 h - a scroll of poison {unknown}
 j - 4 scrolls of teleportation {unknown}
 l - 4 scrolls of identify {unknown}
 n - a scroll of revelation {unknown}
 o - a scroll of enchant weapon {unknown}
Potions
 d - a potion of might
 k - 3 potions of curing
 m - a potion of haste {unknown}


   Skills:
 * Level 5.1 Fighting
 - Level 2.4 Axes
 - Level 3.1 Armour
 - Level 3.1 Shields


You had 4 spell levels left.
You didn't know any spells.
Your spell library was empty.

Dungeon Overview and Level Annotations

Branches:
Dungeon (7/15)
 Temple: D:4-7

Altars:
Makhleb
Okawaru

Shops:
D:1 [   D:2 ![*   D:3 :

Annotations:
D:7 Prince Ribbit


Innate Abilities, Weirdness & Mutations

You have sharp fingernails.
Your demonic aura often causes spilled blood to erupt in flames.


Message History

The wyvern is lightly wounded.
You closely miss Prince Ribbit. You hit the howler monkey.
You barely miss the howler monkey.
The howler monkey hits you but does no damage.
The howler monkey barely misses you. You block the wyvern's attack.
Prince Ribbit blinks!
The howler monkey hits you but does no damage.
The wyvern bites you!
The howler monkey hits you but does no damage.
The wyvern bites you but does no damage.
The howler monkey hoots and howls with incredible vigour! x2
The wyvern bites you but does no damage.
You hear a shout! x2
An ogre comes into view. It is wielding a +0 giant club.
Found a stone staircase leading up.
The ogre shouts!
Prince Ribbit barely misses you. The wyvern bites you!
* * * LOW HITPOINT WARNING * * *
The orc barely misses you.
Prince Ribbit blinks!
The wyvern is engulfed in blazing flames.
You block the wyvern's attack. The orc attacks as it pursues you!
The orc hits you with a +0 flail.
* * * LOW HITPOINT WARNING * * *
The howler monkey hoots and howls with incredible vigour!
The wyvern is engulfed in blazing flames.
You block the wyvern's attack.
You hear a shout!
Unknown command.
Prince Ribbit blinks!
The wyvern is engulfed in blazing flames.
You kill the wyvern!
Okawaru is honoured by your kill.
You can now gain great but temporary skills.
An iguana comes into view.
The orc attacks as it pursues you! The orc hits you but does no damage.
The howler monkey hits you but does no damage.
The howler monkey hits you.
* * * LOW HITPOINT WARNING * * *
Prince Ribbit hits you!
You die...

......... ...
#......l ....
##..<...#
...>##.......###
.....#............
........O<...#...#
.......F..........
........@o..##...?
..=....ohh........
.......○J.........
...#....o...$.....
#..#.......§......
...............#.
#.........##..##
#####.........##..###
#..#................#


You could see Prince Ribbit, an ogre, 2 howler monkeys, an iguana, a jelly and 3
orcs.

Vanquished Creatures
  A wyvern (D:7)
  A phantom (D:4)
  2 adders
  3 dart slugs
  5 orcs
  3 bats (D:1)
  7 endoplasms
  2 giant cockroaches (D:1)
  3 goblins
  8 hobgoblins
  4 jackals (D:1)
  5 kobolds
  4 quokkas
  13 ball pythons
  4 rats
65 creatures vanquished.

Notes
Turn   | Place    | Note
-------+----------+-------------------------------------------
     0 | D:1      | BritishOli the Demonspawn Fighter began the quest for the
                  | Orb.
     0 | D:1      | Reached XP level 1. HP: 18/18 MP: 1/1
    56 | D:1      | Gained mutation: You have sharp fingernails. [demonic
                  | ancestry]
    56 | D:1      | Reached XP level 2. HP: 17/24 MP: 2/2
   261 | D:1      | Gained mutation: Your demonic aura sometimes causes spilled
                  | blood to erupt in flames. [demonic ancestry]
   261 | D:1      | Reached XP level 3. HP: 14/29 MP: 3/3
   435 | D:1      | Found Lenairuc's Antique Armour Emporium.
   876 | D:2      | Found Gitethav's Distillery.
   884 | D:2      | Bought a potion of curing for 42 gold pieces
   999 | D:2      | Found Regicroto's Armour Shoppe.
  1253 | D:2      | Found Kisuxkos's Assorted Antiques.
  1718 | D:3      | Found Xeugem's Book Shoppe.
  2014 | D:3      | Found an iron altar of Okawaru.
  2166 | D:3      | Became a worshipper of Warmaster Okawaru
  2368 | D:3      | Gained mutation: Your demonic aura often causes spilled
                  | blood to erupt in flames. [demonic ancestry]
  2368 | D:3      | Reached XP level 4. HP: 37/37 MP: 4/4
  2388 | D:3      | Found a faded altar of an unknown god.
  2490 | D:4      | Reached skill level 4 in Fighting
  2501 | D:4      | Found a burning altar of Makhleb.
  2604 | D:4      | Noticed a phantom
  2618 | D:4      | Killed a phantom
  2619 | D:4      | Reached skill level 5 in Fighting
  2619 | D:4      | Reached XP level 5. HP: 32/44 MP: 5/5
  2682 | D:4      | You fall into a shaft and drop 3 floors!
  2712 | D:7      | Noticed Prince Ribbit
  2713 | D:7      | Noticed a wyvern
  2719 | D:7      | Noticed an ogre
  2721 | D:7      | Killed a wyvern
  2721 | D:7      | Reached * piety under Okawaru
  2721 | D:7      | Mangled by Prince Ribbit

Illustrated notes

Levels and vault maps discovered:
D:1:      roderic_dead_forest, layout_basic, serial_shops,
          nicolae_shop_hallway_plus
D:2:      layout_basic, serial_shops, shop, shop, nicolae_lakefront_shop
D:3:      layout_basic, mainiacjoe_overflow_alcove_4, serial_shops, shop,
          ebering_ecumenical_altar_ruins
D:4:      layout_cave_pools, mainiacjoe_overflow_brackets,
          mainiacjoe_overflow_paths
D:7:      layout_cave_pools, nzn_overflow_gifts_of_might_and_magic,
          uniq_jeremiah, uniq_prince_ribbit1, uniq_pikel

Skill      XL: |  1  2  3  4 |
---------------+-------------+-----
Axes           | 2 |  2.4
Armour         | 3 |  3.1
Shields        | 3 |  3.1
Fighting       | 5 |  5.1

Action                     |  1- 3 |  4- 6 || total
---------------------------+-------+-------++-------
  Melee: War axe           |   130 |    55 ||   185
 Armour: Scale mail        |    45 |       ||    45
         Plate armour      |    81 |    71 ||   152
  Dodge: Dodged            |    53 |    24 ||    77
  Block: Buckler           |    26 |    11 ||    37

Table legend: (Time is in decaauts)
 A = Elapsed time spent in this place.
 B = Non-inter-level travel time spent in this place.
 C = Inter-level travel time spent in this place.
 D = Time resting spent in this place.
 E = Time spent auto-exploring this place.
 F = Levels seen in this place.
 G = Mean time per level.
                   A        B        C        D        E       F      G
               +--------+--------+--------+--------+--------+-----+--------+
         Total |   2797 |   2693 |    104 |      0 |   2211 |   5 |  559.4 |
       Dungeon |   2797 |   2693 |    104 |      0 |   2211 |   5 |  559.4 |
               +--------+--------+--------+--------+--------+-----+--------+

Top non-repeatable levels by time:
     D:2: 933 daAuts
     D:3: 816 daAuts
     D:1: 789 daAuts
     D:4: 213 daAuts
     D:7: 44 daAuts
